 Dungeon Crawl Stone Soup version 0.31-a0-237-g2d982f9f85 (webtiles) character file.

Game seed: 5591287059735604495

1289 qw the Skirmisher (level 8, -10/70 HPs)
             Began as a Minotaur Hexslinger on July 11, 2023.
             Mangled by a two-headed ogre
             ... wielding a +0 giant club
              (13 damage)
             ... on level 6 of the Dungeon.
             The game lasted 00:01:55 (4921 turns).

qw the Skirmisher (Minotaur Hexslinger)             Turns: 4921, Time: 00:01:55

Health: -10/70     AC:  8    Str: 13    XL:     8   Next: 30%
Magic:  8/8        EV: 11    Int: 10    God:
Gold:   570        SH:  5    Dex: 15    Spells: 8/9 levels left

rFire   . . .        h - +2 longbow (flame)
rCold   . . .        (shield currently unavailable)
rNeg    . . .        g - +3 ring mail of Buoma {Rampage Fly rPois}
rPois   +            (helmet restricted)
rElec   .            (no cloak)
rCorr   .            (no gloves)
SInv    .            (no boots)
Will    .....        b - amulet of reflection
Stlth   +            (no ring)
HPRegen 0.31/turn    (no ring)
MPRegen 0.11/turn

%: reflection, rampage
@: flying
A: horns 2, retaliatory headbutt
a: no special abilities


You were on level 6 of the Dungeon.
You visited 1 branch of the dungeon, and saw 7 of its levels.

You collected 570 gold pieces.


Innate Abilities, Weirdness & Mutations

You have a pair of horns on your head.
You reflexively headbutt those who attack you in melee.


   Skills:
 - Level 6.1 Fighting
 + Level 9.2 Ranged Weapons
 - Level 2.1 Armour
 - Level 3.1 Dodging
 - Level 1.0 Spellcasting
 - Level 2.0 Hexes


You had 8 spell levels left.
You knew the following spells:

 Your Spells              Type           Power      Damage    Failure   Level
a - Slow                  Hex            16%        N/A       32%         1

Your spell library contained the following spells:

 Spells                   Type           Power      Damage    Failure   Level
 Inner Flame              Hex/Fire       2%         N/A       82%         3
 Portal Projectile        Hex/Tloc       4%         N/A       82%         3
 Cause Fear               Hex            2%         N/A       97%         4

Inventory:

Hand Weapons
 h - a +2 longbow of flaming (weapon)
Armour
 g - the +3 ring mail of Buoma (worn) {Rampage Fly rPois}
   (You found it on level 2 of the Dungeon)

   rPois:     It protects you from poison.
   Fly:       It grants you flight.
   Rampage:   It bestows one free step when moving towards enemies.
Jewellery
 b - an amulet of reflection (around neck)
Scrolls
 c - a scroll of enchant armour
 e - 2 scrolls of identify
Potions
 a - 3 potions of haste
 d - 2 potions of heal wounds
 f - a potion of enlightenment

Dungeon Overview and Level Annotations

Branches:
Dungeon (7/15)
 Temple: D:4-7

Altars:
Ashenzari
Dithmenos
Elyvilon
Makhleb
Uskayaw


Message History

You shoot an arrow. The arrow closely misses the bullfrog.
The bullfrog croaks.
The arrow hits the orc!
The arrow burns the orc.
You kill the orc!
You hear a shout!
The bullfrog hits you but does no damage.
The orc hits you with a +0 short sword. The bullfrog completely misses you.
An orc comes into view. It is wielding a +0 club.
A white imp comes into view.
The orc hits you but does no damage.
You shoot an arrow. The arrow hits the bullfrog!
The arrow burns the bullfrog.
You kill the bullfrog!
The orc hits you with a +0 short sword. The orc closely misses you.
The orc sings a few bars from the Orcish anthem.
You shoot an arrow.
The arrow closely misses the two-headed ogre.
The arrow barely misses the bullfrog.
The arrow closely misses the black bear.
The arrow hits the white imp!
The arrow burns the white imp.
You kill the white imp!
The orc barely misses you.
The two-headed ogre hits you with a +0 giant club!
The two-headed ogre hits you with a +0 giant club!!
You block the orc's attack. The orc hits you with a +0 dagger.
4919 ||| STAIRDANCE The bullfrog hits you but does no damage.
The orc hits you but does no damage. The orc barely misses you.
The orc hits you but does no damage. The bullfrog barely misses you.
You furiously retaliate!
You headbutt the bullfrog.
The two-headed ogre hits you with a +0 giant club!
You block the two-headed ogre's attack.
You fly upwards.
There is a stone staircase leading down here.
You shoot an arrow. The arrow closely misses the bullfrog.
The arrow barely misses the orc.
The bullfrog hits you but does no damage.
The orc hits you but does no damage. The bullfrog barely misses you.
The two-headed ogre hits you with a +0 giant club!!
The two-headed ogre hits you with a +0 giant club!
You die...

#.#...## #.......#
####.# #.#.#.# #....:..#
#....# #.....# #.......#
#.#### ###.###
##...##### #.# #.#
#.....## #.#
####.#####......# #.#
#.......##.o....# #.#
#.##.##.###o..#.# #.#
#.##....oF@O.##.######.#
#.#####.#######........#
#.#####.# ##########
#)......# #########


You could see a two-headed ogre, a bullfrog and 3 orcs.

Vanquished Creatures
  An ice beast (D:6)
  3 ogres
  A phantom (D:6)
  A bullfrog (D:7)
  2 scorpions (D:5)
  2 howler monkeys
  2 hounds
  3 jellies
  A gnoll bouda (D:5)
  An orc priest (D:7)
  A sleepcap (D:6)
  2 iguanas
  An orc wizard (D:5)
  Natasha (D:2)
  Robin (D:4)
  6 gnolls
  6 adders
  A shadow imp (D:5)
  2 white imps
  2 ufetubi (D:5)
  A worm (D:4)
  3 dart slugs
  7 orcs
  5 ball pythons
  An endoplasm (D:1)
  2 giant cockroaches (D:4)
  21 goblins
  11 hobgoblins
  11 jackals
  5 kobolds
  2 quokkas
  3 bats
  5 frilled lizards
  4 rats
121 creatures vanquished.

Notes
Turn   | Place    | Note
-------+----------+-------------------------------------------
     0 | D:1      | qw the Minotaur Hexslinger began the quest for the Orb.
     0 | D:1      | Reached XP level 1. HP: 16/16 MP: 1/1
     0 | D:1      | 0 ||| qw: Version: 0.3-a-52-g30416fa
     0 | D:1      | 0 ||| qw: Game counter: 5801
     0 | D:1      | 0 ||| qw: Melee chars always use a shield: true
     0 | D:1      | 0 ||| qw: God list: Okawaru
     0 | D:1      | 0 ||| qw: Allow faded altars: false
     0 | D:1      | 0 ||| qw: Do Orc after clearing Dungeon:15 true
     0 | D:1      | 0 ||| qw: Do second Lair branch before Depths: true
     0 | D:1      | 0 ||| qw: Lair rune preference: random
     0 | D:1      | 0 ||| qw: Goals: Normal
     0 | D:1      | 0 ||| PLANNING D:1-11
   308 | D:1      | Reached skill level 3 in Ranged Weapons
   308 | D:1      | Reached XP level 2. HP: 23/23 MP: 2/2
   845 | D:1      | 845 ||| READING scroll labelled SAOMEW GINWEO.
   846 | D:1      | 846 ||| READING scroll labelled CEVIC GEPREGE.
   847 | D:1      | 847 ||| DROPPING scroll of poison.
  1046 | D:2      | Reached XP level 3. HP: 27/29 MP: 3/3
  1086 | D:2      | Found a hide-covered altar of Uskayaw.
  1089 | D:2      | Identified the +3 ring mail of Buoma {Rampage Fly rPois}
  1203 | D:2      | Reached skill level 4 in Ranged Weapons
  1502 | D:2      | You fall into a shaft and drop 1 floor!
  1562 | D:3      | 1562 ||| UPGRADING to +0 ring mail.
  1572 | D:3      | 1572 ||| DROPPING +0 robe.
  1573 | D:3      | 1573 ||| UPGRADING to +3 ring mail of Buoma {Rampage Fly
                  | rPois}.
  1583 | D:3      | 1583 ||| DROPPING +0 ring mail.
  1584 | D:3      | 1584 ||| DRINKING 2 cyan potions.
  1585 | D:3      | 1585 ||| READING 2 scrolls of identify.
  1585 | D:3      | 1585 ||| IDENTIFYING bubbling purple potion
  1586 | D:3      | 1586 ||| DROPPING potion of brilliance.
  1587 | D:3      | 1587 ||| DROPPING potion of magic.
  1595 | D:3      | 1595 ||| FLEEEEING.
  1596 | D:3      | 1596 ||| STAIRDANCE
  1729 | D:3      | Noticed Natasha
  1735 | D:3      | 1735 ||| STAIRDANCE
  1740 | D:2      | Killed Natasha
  1741 | D:2      | Reached XP level 4. HP: 16/36 MP: 4/4
  2224 | D:3      | 2224 ||| READING scroll labelled HUHURO CIOPEBO.
  2225 | D:3      | 2225 ||| DRINKING 3 bubbling yellow potions.
  2318 | D:4      | 2318 ||| READING 2 scrolls of identify.
  2318 | D:4      | 2318 ||| IDENTIFYING ruby potion
  2382 | D:4      | Found a burning altar of Makhleb.
  2445 | D:4      | Found a white marble altar of Elyvilon.
  2481 | D:4      | Noticed Robin
  2492 | D:4      | Reached skill level 5 in Ranged Weapons
  2498 | D:4      | Reached XP level 5. HP: 30/41 MP: 5/5
  2510 | D:4      | Killed Robin
  2604 | D:4      | Reached skill level 3 in Fighting
  2917 | D:4      | Reached XP level 6. HP: 33/51 MP: 6/6
  3000 | D:4      | 3000 ||| READING scroll labelled MIDUOQA KAFE.
  3001 | D:4      | 3001 ||| READING scroll labelled EVEUBI RUDUT.
  3005 | D:4      | 3005 ||| READING scroll labelled BIPHIR AXITABIU.
  3006 | D:4      | 3006 ||| READING scroll labelled QIFFUG UDUSI.
  3007 | D:4      | 3007 ||| DRINKING 2 smoky puce potions.
  3025 | D:5      | Entered Level 5 of the Dungeon
  3103 | D:5      | Reached skill level 6 in Ranged Weapons
  3398 | D:5      | Reached skill level 7 in Ranged Weapons
  3464 | D:5      | Found a broken altar of Ashenzari.
  3478 | D:5      | Reached XP level 7. HP: 48/59 MP: 7/7
  3627 | D:5      | Found a shadowy altar of Dithmenos.
  3711 | D:5      | HP: 14/59 [gnoll/+0 flail[a gnoll bouda] (5)]
  3712 | D:5      | 3712 ||| DRINKING 3 potions of heal wounds.
  4029 | D:5      | 4029 ||| READING scroll labelled JAITOK VIWATI.
  4030 | D:5      | 4030 ||| READING scroll labelled HOBLUSH WE NORCH.
  4031 | D:5      | 4031 ||| READING 4 scrolls of identify.
  4031 | D:5      | 4031 ||| IDENTIFYING sedimented dark potion
  4032 | D:5      | 4032 ||| READING 3 scrolls of identify.
  4032 | D:5      | 4032 ||| IDENTIFYING grey potion
  4033 | D:5      | 4033 ||| READING 2 scrolls of identify.
  4033 | D:5      | 4033 ||| IDENTIFYING orange potion
  4034 | D:5      | 4034 ||| DROPPING potion of lignification.
  4035 | D:5      | 4035 ||| DROPPING potion of degeneration.
  4036 | D:5      | 4036 ||| DROPPING potion of ambrosia.
  4081 | D:6      | Reached skill level 8 in Ranged Weapons
  4692 | D:6      | Reached skill level 9 in Ranged Weapons
  4718 | D:6      | Reached XP level 8. HP: 55/70 MP: 8/8
  4797 | D:6      | Reached skill level 3 in Dodging
  4858 | D:6      | 4858 ||| UPGRADING to amulet of reflection.
  4863 | D:6      | 4863 ||| READING scroll labelled IDAAQE GOQIODD.
  4863 | D:6      | Identified a scroll of acquirement
  4863 | D:6      | 4863 ||| ACQUIRING +2 longbow of flaming
  4863 | D:6      | Acquired a +2 longbow of flaming
  4865 | D:6      | 4865 ||| SWAPPING to +2 longbow of flaming.
  4866 | D:6      | 4866 ||| DROPPING +2 sling.
  4880 | D:7      | 4880 ||| STAIRDANCE
  4913 | D:7      | Noticed a two-headed ogre
  4916 | D:7      | Reached skill level 6 in Fighting
  4919 | D:7      | 4919 ||| STAIRDANCE
  4921 | D:6      | HP: 3/70 [two-headed ogre/+0 giant club (18)]
  4921 | D:6      | Mangled by a two-headed ogre

Levels and vault maps discovered:
D:1:      saegor_arrival_simple_e, layout_basic
D:2:      layout_basic, minmay_hexomino_r4
D:3:      layout_rooms, uniq_natasha
D:4:      layout_basic, mainiacjoe_overflow_large_starburst, uniq_robin
D:5:      layout_basic, mainiacjoe_overflow_small_starburst,
          grunt_dithmenos_shadows, kennysheep_small_square
D:6:      layout_loops_cross, chequers_serial_rivers_room_b,
          nicolae_lava_and_water
D:7:      layout_basic, overflow_temple_1_default,
          minmay_temple_entry_statues_pillars, minmay_manual_mess

Skill      XL: |  1  2  3  4  5  6  7  8 |
---------------+-------------------------+-----
Ranged Weapons | 3 4 5 7 9 |  9.2
Fighting       | 2 3 4 5 6 |  6.1
Armour         | 2 |  2.1
Dodging        | 3 |  3.1
Spellcasting   | |  1.0
Hexes          | |  2.0

Action                     |  1- 3 |  4- 6 |  7- 9 || total
---------------------------+-------+-------+-------++-------
   Fire: Sling             |   106 |   225 |   117 ||   448
         Longbow           |       |       |     7 ||     7
    Use: Scroll            |     3 |     6 |     6 ||    15
         Potion            |     1 |     2 |     1 ||     4
 Armour: Robe              |     4 |       |       ||     4
         Ring mail         |     4 |    69 |    41 ||   114
  Dodge: Dodged            |    23 |    79 |    54 ||   156
  Block: Other             |       |       |     3 ||     3

Table legend:
 A = Non-vault XP
 B = Vault XP
 C = Vault XP percentage of total XP
 D = Non-vault monster count
 E = Vault monster count
 F = Vault count percentage of total count
                 A         B        C        D         E       F
            +---------+---------+-------+---------+---------+-------
      Total |    1733 |     109 |   5.9 |     100 |      21 |  17.4
            +---------+---------+-------+---------+---------+-------
        D:1 |      37 |       0 |   0.0 |      19 |       0 |   0.0
        D:2 |      24 |      38 |  61.3 |       7 |       3 |  30.0
        D:3 |      50 |       0 |   0.0 |      17 |       0 |   0.0
        D:4 |     202 |      37 |  15.5 |      27 |      13 |  32.5
        D:5 |     571 |      24 |   4.0 |      16 |       4 |  20.0
        D:6 |     670 |       0 |   0.0 |      10 |       0 |   0.0
        D:7 |     179 |      10 |   5.3 |       4 |       1 |  20.0
            +---------+---------+-------+---------+---------+-------
